AoeStats
← NPG | Shimishi Maki

African Clearing

505776703Analyzed
4v4 RM · 21d ago on Sep 11, 2026· 65m 25s· 8 players
Game mode
Random Map
Map size
Large (8 player)
Population
200
Speed
Normal
Resources
Standard
Victory
Conquest
Starting age
Dark Age
Ending age
Imperial Age
RankedLock teamsTeams togetherTeam positionsShared explorationLock speedFull tech treeHidden civsTurbo modeCheats
Victory
Defeat
🇨🇱 Maya · Chile
1681
+9
🇨🇱 Aztecs · Chile
1530
+15
🇨🇱 Burmese · Chile
1482
+18
🇦🇷 Gurjaras · Argentina
1463
+19
🇵🇪 Saracens · Peru
1544
-16
🇨🇳 Ethiopians · China
1531
-16
🇵🇪 Italians · Peru
1509
-15
🇺🇸 Huns · United States
1482
-14
Freakcles
6:03 Loom
11:29 Feudal Age
17:28 Forging
18:19 Bloodlines
19:13 Horse Collar
19:21 Double-Bit Axe
20:20 Wheelbarrow
20:42 Scale Barding Armor
25:19 Castle Age
23:33 Fletching
25:05 Padded Archer Armor
25:15 Gold Mining
26:00 Bodkin Arrow
26:08 Husbandry
26:48 Thumb Ring
30:56 Iron Casting
32:03 Bow Saw
34:16 Ballistics
38:37 Masonry
45:57 Imperial Age
43:32 Marauders
45:09 Hand Cart
46:47 Bracer
48:26 Chemistry
47:54 Parthian Tactics
48:06 Chain Barding Armor
48:35 Town Watch
48:58 Light Cavalry
49:22 Elite Tarkan
DarkWolf110722
8:13 Loom
12:04 Feudal Age
12:38 Double-Bit Axe
21:24 Castle Age
21:25 Gold Mining
21:40 Fletching
22:53 Bow Saw
24:55 Bodkin Arrow
26:23 Fishing Lines
29:14 Husbandry
29:31 Padded Archer Armor
31:17 Ballistics
32:22 Thumb Ring
33:14 Gillnets
33:55 Bloodlines
36:20 Wheelbarrow
36:17 Horse Collar
38:08 Heavy Plow
41:58 Imperial Age
40:07 Stone Mining
42:40 Hand Cart
42:43 Bracer
43:10 Parthian Tactics
43:57 Chemistry
43:51 Heavy Cavalry Archer
46:46 Conscription
49:26 Scale Barding Armor
49:56 Light Cavalry
50:57 Chain Barding Armor
54:08 Plate Barding Armor
54:02 Leather Archer Armor
54:22 Hussar
55:13 Forging
56:33 Ring Archer Armor
57:06 Elite Mameluke
THE GODFATHER
8:15 Loom
13:26 Feudal Age
18:47 Castle Age
16:47 Double-Bit Axe
16:46 Horse Collar
16:56 Double-Bit Axe
21:20 Wheelbarrow
21:47 Heavy Plow
22:03 Bow Saw
24:03 Heavy Plow
26:26 Gold Mining
31:42 Imperial Age
29:34 Hand Cart
29:28 Fletching
29:39 Padded Archer Armor
29:58 Forging
29:48 Scale Mail Armor
30:18 Fletching
31:04 Stone Mining
31:15 Bodkin Arrow
31:20 Padded Archer Armor
31:32 Elite Skirmisher
33:30 Two-Man Saw
33:37 Chemistry
33:54 Iron Casting
33:35 Leather Archer Armor
33:50 Scale Mail Armor
33:47 Halberdier
34:37 Squires
34:30 Arson
36:15 Conscription
37:17 Gold Shaft Mining
38:01 Chain Mail Armor
38:49 Blast Furnace
38:17 Ballistics
39:16 Ring Archer Armor
39:57 Stone Shaft Mining
40:30 Bracer
40:43 Man-at-Arms
41:56 Plate Mail Armor
41:59 Long Swordsman
43:15 Two-Handed Swordsman
The_Night_Wolf
6:23 Loom
13:09 Feudal Age
13:49 Double-Bit Axe
18:38 Fletching
25:10 Castle Age
23:49 Horse Collar
25:12 Crossbowman
25:52 Bodkin Arrow
31:30 Wheelbarrow
31:36 Ballistics
31:47 Padded Archer Armor
33:25 Heavy Plow
38:26 Stone Mining
38:30 Gold Mining
41:26 Imperial Age
40:28 Leather Archer Armor
42:13 Bracer
41:33 Arbalester
43:19 Thumb Ring
44:40 Bow Saw
48:08 Chemistry
51:20 Squires
53:04 Scale Mail Armor
54:31 Forging
55:08 Chain Mail Armor
57:01 Plate Mail Armor
57:29 Elite Skirmisher
62:17 Crop Rotation
63:39 Iron Casting
NPG | DR@CA
6:22 Loom
15:01 Feudal Age
15:11 Man-at-Arms
15:43 Horse Collar
22:22 Scale Mail Armor
25:40 Double-Bit Axe
26:09 Forging
26:14 Gold Mining
29:02 Castle Age
30:18 Wheelbarrow
29:06 Pikeman
33:48 Town Watch
35:34 Bow Saw
42:43 Chain Mail Armor
44:04 Chain Mail Armor
44:25 Iron Casting
46:55 Imperial Age
45:24 Squires
45:57 Arson
46:57 Atlatl
47:36 Gold Shaft Mining
47:11 Fletching
47:44 Ballistics
47:04 Treadmill Crane
48:40 Bodkin Arrow
48:07 Elite Skirmisher
49:11 Padded Archer Armor
49:42 Plate Mail Armor
50:43 Conscription
53:21 Iron Casting
57:16 Blast Furnace
58:45 Chemistry
58:03 Leather Archer Armor
59:08 Hand Cart
60:14 Stone Mining
61:19 Bracer
62:49 Eagle Warrior
63:25 Gambesons
63:50 Murder Holes
64:17 Garland Wars
64:20 Elite Eagle Warrior
66:03 Town Patrol
BrøweN
10:08 Loom
15:15 Feudal Age
21:41 Castle Age
27:25 Padded Archer Armor
27:54 Gold Mining
37:06 Imperial Age
40:23 Chemistry
50:38 Siege Engineers
52:24 Wheelbarrow
52:42 Gold Shaft Mining
54:11 Hand Cart
56:50 Bloodlines
56:40 Husbandry
56:00 Cavalier
60:42 Scale Barding Armor
60:32 Light Cavalry
61:52 Forging
62:11 Chain Barding Armor
64:02 Manipur Cavalry
Casitas Voy
5:29 Loom
13:24 Feudal Age
17:29 Castle Age
15:22 Double-Bit Axe
18:46 Horse Collar
19:17 Bow Saw
24:20 Town Watch
25:46 Wheelbarrow
30:21 Hand Cart
33:01 Imperial Age
33:08 Imperial Age
30:40 Fletching
32:01 Bodkin Arrow
32:53 Padded Archer Armor
33:14 Ballistics
33:41 Bloodlines
33:32 Husbandry
33:40 Kshatriyas
33:58 Scale Barding Armor
35:26 Chain Barding Armor
37:22 Heavy Plow
38:19 Plate Barding Armor
38:17 Bracer
38:32 Masonry
38:47 Gold Mining
38:47 Stone Mining
39:09 Forging
39:36 Conscription
39:47 Frontier Guards
39:30 Heavy Camel Rider
40:47 Iron Casting
40:57 Gold Shaft Mining
40:58 Stone Shaft Mining
40:58 Crop Rotation
41:24 Light Cavalry
43:25 Architecture
42:37 Treadmill Crane
43:09 Bracer
44:11 Chemistry
44:43 Hoardings
46:00 Hussar
52:57 Leather Archer Armor
56:14 Coinage
NPG | Shimishi Maki
13:14 Feudal Age
13:52 Loom
16:57 Castle Age
16:05 Town Watch
17:42 Double-Bit Axe
17:39 Horse Collar
18:42 Fletching
19:20 Bow Saw
21:04 Bodkin Arrow
25:01 Padded Archer Armor
27:00 Wheelbarrow
28:37 Ballistics
30:44 Gold Mining
31:57 Leather Archer Armor
32:02 Thumb Ring
36:52 Imperial Age
34:39 Scale Mail Armor
35:09 Squires
35:45 Chain Mail Armor
37:20 Heavy Plow
37:45 Bracer
37:53 Eagle Warrior
39:12 Plate Mail Armor
40:14 Holcans
40:05 Conscription
40:23 Forging
40:32 Pikeman
40:36 Elite Eagle Warrior
42:48 Iron Casting
45:10 Blast Furnace
44:50 Hand Cart
44:34 Elite Plumed Archer
45:45 Ring Archer Armor
45:33 Stone Mining
47:36 Two-Man Saw
46:26 Elite Skirmisher
47:25 Hul'che Javelineers
48:09 Arson
48:49 Town Patrol
56:23 Hoardings
55:59 Masonry
55:30 Treadmill Crane
56:51 Chemistry
60:19 Coinage
62:35 Banking
62:06 Caravan
Connection lost

Rejoining the realm…

Still unreachable

The connection could not be restored.

Session expired

The server has moved on; the page needs a fresh start.